 Dungeon Crawl Stone Soup version 0.30-a0-824-g6c64550be9 (webtiles) character file.

Game seed: 2765905945395590976

1856546 Monkooky the Slayer (level 26, 291/291 HPs)
             Began as an Ogre Gladiator on Feb 27, 2023.
             Was a High Priest of Okawaru.
             Escaped with the Orb
             ... and 3 runes on Feb 28, 2023!
             The game lasted 03:35:33 (53730 turns).

Monkooky the Slayer (Ogre Gladiator)               Turns: 53730, Time: 03:35:34

Health: 291/291    AC: 30    Str: 33    XL:     26   Next: 27%
Magic:  33/33      EV: 12    Int:  9    God:    Okawaru [*****.]
Gold:   2499       SH: 27    Dex: 10    Spells: 25/25 levels left

rFire   + . .      SeeInvis .    E - +9 broad axe (vamp)
rCold   + . .      Faith    .    Q - +8 tower shield "Zaor" {rElec}
rNeg    . . .      Spirit   .    b - +4 gold dragon scales
rPois   +          Reflect  .    c - +2 hat
rElec   +          Harm     .    F - +2 cloak {rCorr}
rCorr   +          Rampage  .    (gloves unavailable)
Will    +++..                    (boots unavailable) Stlth
                                 p - amulet of regeneration
HPRegen 1.48/turn                Z - ring of willpower
MPRegen 0.23/turn                W - +5 ring of evasion

@: no status effects
A: large, unfitting armour, tough skin 1
0: Orb of Zot
}: 3/15 runes: serpentine, barnacled, silver
a: Renounce Religion, Heroism, Finesse, Duel


You escaped.
You worshipped Okawaru.
Okawaru was extremely pleased with you.
You visited 11 branches of the dungeon, and saw 49 of its levels.
You also visited: Bailey, Gauntlet, Ice Cave and Wizlab.

You collected 7404 gold pieces.
You spent 4905 gold pieces at shops.

Inventory:

Hand Weapons
 E - a +9 vampiric broad axe (weapon)
Missiles
 d - 8 throwing nets
 e - 19 large rocks (quivered)
 o - 8 curare-tipped darts
 D - 36 silver javelins
 I - 11 silver boomerangs
 P - 11 javelins
Armour
 b - +4 gold dragon scales (worn)
 c - a +2 hat (worn)
 F - a +2 cloak of preservation (worn)
 Q - the +8 tower shield "Zaor" (worn) {rElec}
   (Okawaru gifted it to you on level 5 of the Vaults)

   rElec:     It insulates you from electricity.
Jewellery
 a - the amulet "Tock" {RegenMP rElec rPois rF- rCorr}
   (You took it off an orc on level 5 of the Vaults)

   [amulet of magic regeneration]

   It increases your rate of magic regeneration.
   rF:        It makes you vulnerable to fire.
   rElec:     It insulates you from electricity.
   rPois:     It protects you from poison.
   rCorr:     It protects you from acid and corrosion.
 p - an amulet of regeneration (around neck)
 C - the ring of Wonder {Wiz rC+ rCorr Dex+3}
   (You took it off a merfolk on level 4 of the Shoals)

   [ring of wizardry]

   It improves your spell success rate.
   Dex:       It affects your dexterity (+3).
   rC:        It protects you from cold.
   rCorr:     It protects you from acid and corrosion.
 J - a +4 ring of protection
 N - a ring of protection from fire
 R - the ring of Tirghi {Fly rN+ Str-5 Int+3 Dex+7}
   (You found it on level 5 of the Vaults)

   [ring of flight]

   Str:       It affects your strength (-5).
   Int:       It affects your intelligence (+3).
   Dex:       It affects your dexterity (+7).
   rN:        It protects you from negative energy.
   Fly:       It grants you flight.
 S - a +4 ring of slaying
 W - a +5 ring of evasion (right hand)
 Z - a ring of willpower (left hand)
Wands
 y - a wand of light (36)
 K - a wand of digging (15)
 L - a wand of mindburst (34)
 V - a wand of paralysis (35)
 Y - a wand of iceblast (14)
Scrolls
 f - 4 scrolls of poison
 g - 7 scrolls of immolation
 j - 5 scrolls of blinking
 k - 24 scrolls of teleportation
 u - 5 scrolls of fear
 v - 10 scrolls of fog
 M - 3 scrolls of silence
 O - 2 scrolls of magic mapping
 U - 13 scrolls of vulnerability
Potions
 h - 9 potions of magic
 i - a potion of ambrosia
 l - 4 potions of haste
 m - 5 potions of mutation
 n - 4 potions of might
 q - 6 potions of heal wounds
 r - 10 potions of attraction
 t - 5 potions of brilliance
 x - 7 potions of resistance
 z - 10 potions of curing
 A - 6 potions of berserk rage
 B - 2 potions of invisibility
 G - 11 potions of flight
 X - 7 potions of cancellation
Miscellaneous
 s - a lightning rod (4/4)
 w - a condenser vane
 H - a phial of floods
 T - a tin of tremorstones (1/2)


   Skills:
 - Level 22.0 Fighting
 - Level 17.0(18.0) Axes
 - Level 9.0(13.6) Maces & Flails
 - Level 4.1(7.5) Staves
 * Level 22.0 Throwing
 - Level 14.1 Armour
 - Level 14.1 Dodging
 - Level 7.0 Stealth
 - Level 19.0 Shields
 - Level 14.0 Invocations
 - Level 10.1 Evocations


You had 25 spell levels left.
You didn't know any spells.
Your spell library contained the following spells:

 Spells                   Type           Power      Damage    Failure   Level
 Apportation              Tloc           0%         N/A       100%        1
 Beastly Appendage        Tmut           0%         N/A       100%        1
 Foxfire                  Conj/Fire      0%         2x1d4     100%        1
 Freeze                   Ice            0%         1d3       100%        1
 Necrotise                Necr           0%         1d4       100%        1
 Shock                    Conj/Air       0%         1d3       100%        1
 Sting                    Tmut/Pois      0%         1d3       100%        1
 Lesser Beckoning         Tloc           0%         N/A       100%        2
 Poisonous Vapours        Pois/Air       0%         N/A       100%        2
 Scorch                   Fire           0%         2d5       100%        2
 Sublimation of Blood     Necr           0%         N/A       100%        2
 Wereblood                Tmut           0%         N/A       100%        2
 Confusing Touch          Hex            0%         N/A       100%        3
 Dazzling Flash           Conj/Hex       0%         N/A       100%        3
 Frozen Ramparts          Ice            0%         1d1       100%        3
 Gell's Gravitas          Tloc           0%         N/A       100%        3
 Hailstorm                Conj/Ice       0%         3d3       100%        3
 Inner Flame              Hex/Fire       0%         N/A       100%        3
 Kindle Blastsparks       Fire/Tloc/Air  0%         2d10      100%        3
 Spider Form              Tmut/Pois      0%         N/A       100%        3
 Stone Arrow              Conj/Erth      0%         3d7       100%        3
 Swiftness                Air            0%         N/A       100%        3
 Teleport Other           Tloc           0%         N/A       100%        3
 Vhi's Electric Charge    Tloc/Air       0%         N/A       100%        3
 Airstrike                Air            0%         2d(0-16)  100%        4
 Cause Fear               Hex            0%         N/A       100%        4
 Flame Wave               Conj/Fire      0%         2d4       100%        4
 Ice Form                 Ice/Tmut       0%         N/A       100%        4
 Leda's Liquefaction      Hex/Erth       0%         N/A       100%        4
 Olgreb's Toxic Radiance  Pois           0%         N/A       100%        4
 Passage of Golubria      Tloc           0%         N/A       100%        4
 Petrify                  Tmut/Erth      0%         N/A       100%        4
 Agony                    Necr           0%         N/A       100%        5
 Alistair's Intoxication  Tmut/Pois      0%         N/A       100%        5
 Blade Hands              Tmut           0%         N/A       100%        5
 Borgnjor's Vile Clutch   Necr/Erth      0%         N/A       100%        5
 Fireball                 Conj/Fire      0%         3d3       100%        5
 Freezing Cloud           Conj/Ice/Air   0%         6-21      100%        5
 Irradiate                Conj/Tmut      0%         3d11      100%        5
 Lee's Rapid Deconstruct  Erth           0%         3d4*      100%        5
 Silence                  Hex/Air        0%         N/A       100%        5
 Yara's Violent Unravell  Hex/Tmut       0%         3d3       100%        5
 Dispersal                Tloc           0%         N/A       100%        6
 Eringya's Noxious Bog    Tmut/Pois      0%         N/A       100%        6
 Iron Shot                Conj/Erth      0%         9d1       100%        6
 Starburst                Conj/Fire      0%         6d3       100%        6
 Statue Form              Tmut/Erth      0%         N/A       100%        6
 Dragon Form              Tmut           0%         N/A       100%        7
 Borgnjor's Revivificati  Necr           0%         N/A       100%        8
 Discord                  Hex            0%         N/A       100%        8
 Disjunction              Tloc           0%         N/A       100%        8
 Lehudib's Crystal Spear  Conj/Erth      0%         10d2      100%        8
 Necromutation            Tmut/Necr      0%         N/A       100%        8
 Death's Door             Necr           0%         N/A       100%        9
 Polar Vortex             Ice            0%         N/A       100%        9
 Summon Small Mammal      Summ           Unusable   N/A       N/A         1
 Animate Armour           Summ/Erth      Unusable   N/A       N/A         4
 Animate Dead             Necr           Unusable   N/A       N/A         4
 Simulacrum               Ice/Necr       Unusable   N/A       N/A         6
 Summon Cactus Giant      Summ           Unusable   N/A       N/A         6
 Haunt                    Necr/Summ      Unusable   N/A       N/A         7
 Infestation              Necr           Unusable   N/A       N/A         8

Dungeon Overview and Level Annotations

Branches:
Dungeon (15/15)            Temple (1/1) D:5            Lair (5/5) D:11
 Shoals (4/4) Lair:3        Snake (4/4) Lair:3        Slime (1/5) Lair:5
    Orc (2/2) D:12            Elf (0/3) Orc:2        Vaults (5/5) D:14
  Crypt (3/3) Vaults:2     Depths (4/4) D:15            Zot (5/5) Depths:4
 Bailey (visited)           IceCv (visited)          WizLab (visited)
Gauntlet (visited)
   Tomb: Crypt:3

Altars:
Ashenzari
Cheibriados
Dithmenos
Elyvilon
Fedhas
Gozag
Hepliaklqana
Kikubaaqudgha
Makhleb
Nemelex Xobeh
Okawaru
Qazlal
Ru
Sif Muna
Trog
Uskayaw
Vehumet
Wu Jian
Xom
Yredelemnul
Zin
The Shining One

Shops:
D:13 (   Orc:2 [:*!   Shoals:1 (   Zot:5 *   Depths:4 :=:

Portals:
Hell: Depths:1 Depths:2 Depths:3 Depths:4
Abyss: Depths:1 Depths:3
Pandemonium: Depths:2
Ziggurat: Depths:1

Annotations:
D:3 exclusion: 2 downstairs
D:6 1 runed translucent door, Pimp's ghost, novice HOFi
Lair:3 2 transporters
Shoals:1 2 transporters, Busoho's ghost, adept MiFi
Shoals:2 exclusion: downstairs
Snake:1 exclusion: downstairs, Roxanne
Orc:2 3 runed translucent doors, browni3141's ghost, journeyman OpAE
Vaults:3 1 runed translucent door, Zissick's ghost, adept MiBr
Depths:4 1 transporter, Ubraesch's ghost, adept TrMo


Innate Abilities, Weirdness & Mutations

You are too large for most types of armour.
You have tough skin. (AC +1)


Message History

You closely miss the hellwing.
The hellwing is heavily wounded.
You hit the hellwing.
The hellwing is heavily wounded.
You block the hellwing's attack. x2
You slice the hellwing!!
The hellwing is almost dead.
You block the hellwing's attack. x2
You slash the hellwing!
You kill the hellwing!
Okawaru accepts your kill.
No target in view!
(D) Dungeon (T) Temple (L) Lair (A) Shoals (P) Snake Pit (M) Slime Pits (O) Orcish Mines (E) Elven Halls (V) Vaults (C) Crypt (U) Depths (H) Hell (Z) Zot
Where to? (Enter - D:1, ? - help)
There is a stone staircase leading up here.
You climb upwards.
There is a stone staircase leading down here.
There is a stone staircase leading up here.
You climb upwards.
There is a stone staircase leading down here.
Done exploring.
(D) Dungeon (T) Temple (L) Lair (A) Shoals (P) Snake Pit (M) Slime Pits (O) Orcish Mines (E) Elven Halls (V) Vaults (C) Crypt (U) Depths (H) Hell (Z) Zot
Where to? (Enter - D:1, ? - help)
Okay, then.
Aiming: Dig
Press: ? - help, Shift-Dir - straight line This square is covered in magical glow.
The rock shatters into small pieces.
Aiming: Dig
Press: ? - help, Shift-Dir - straight line You can't see that place. [the floor.]
The rock shatters into small pieces.
Aiming: Dig
Press: ? - help, Shift-Dir - straight line A rock wall.
This square is covered in magical glow.
The rock shatters into small pieces.
There is a staircase leading out of the dungeon here.
You have escaped!

.#.##.......####.###........##
..##.....####....#...###.....##
###....###.......#.....###....##
#....##.....######......##....#
##...##....###.....###....##...##
#....#....##.........##....#.....
#...##...##...##.##...##...##....
#...#....#...##..(##........#....
#........#...#..@.###############
#...######....#...##............#
#...##...##...#####...#######...#
#....#....##.......(.##....#....#
##...##....###.....###....##...##
##....##.....###.###.(.........#
##....#.#.......#.....###....###
##.....####....#..####.##..##..
#####..[....#########.....#######


There were no monsters in sight!

Vanquished Creatures
  A dread lich (Arena)
  2 ancient liches
  Mara (Depths:2)
  Vv (Depths:4)
  Frederick (Depths:3)
  10 golden dragons
  2 curse toes
  3 caustic shrikes (Depths:3)
  Nikola (Shoals:3)
  A Brimstone Fiend (D:11)
  Jorgrun (D:15)
  Mlioglotl (Shoals:1)
  13 tentacled monstrosities
  2 Ice Fiends
  5 liches
  7 Orb Guardians (Zot:5)
  Asterion (Snake:1)
  4 quicksilver dragons
  2 walking frostbound tomes (Depths:3)
  6 titans
  4 ancient champions
  A kraken (Shoals:3)
  4 sphinxes
  Polyphemus (Shoals:2)
  5 death cobs
  4 tengu reavers
  Frances (D:12)
  Donald (Vaults:3)
  7 shadow dragons
  An azure jelly (Slime:1)
  3 draconian knights
  9 storm dragons
  Ilsuiw (Arena)
  11 fire giants
  8 nagarajas
  An iron dragon (Vaults:5)
  11 frost giants
  2 deep elf sorcerers (Vaults:5)
  A ghost moth (shapeshifter) (Depths:1)
  A ghost moth (Zot:4)
  A curse skull (Crypt:2)
  3 draconian scorchers
  A balrug (D:15)
  14 vault wardens
  A draconian annihilator (Zot:1)
  6 ghouls
  6 war gargoyles
  A draconian stormcaller (Zot:1)
  Aizul (Snake:1)
  Louise (D:15)
  A cacodemon (Depths:2)
  41 very ugly things
  3 reapers
  2 spriggan defenders
  7 vampire knights
  15 ironbound preservers
  19 stone giants
  A green draconian (Zot:1)
  5 red draconians
  3 black draconians
  5 purple draconians
  11 ironbound thunderhulks
  Azrael (D:13)
  3 yellow draconians
  10 dire elephants
  A minotaur (Gauntlet)
  4 spark wasps
  2 eidola
  2 white draconians (Zot:1)
  3 crystal guardians
  6 green deaths
  A blizzard demon (Gauntlet)
  A mummy priest (WizLab)
  An entropy weaver (shapeshifter) (D:14)
  11 merfolk impalers
  Snorg (D:11)
  3 great orbs of eyes
  A quicksilver dragon zombie (Crypt:1)
  A deep elf death mage (Vaults:5)
  14 ettins
  5 jiangshi
  5 merfolk javelineers (Shoals:4)
  A deep elf high priest (Depths:4)
  13 yaktaur captains
  10 fire dragons
  A salamander tyrant (Depths:3)
  Harold (D:11)
  6 ice dragons
  Fannar (D:10)
  2 entropy weavers
  2 hell beasts
  13 ironbound frosthearts
  A caustic shrike simulacrum (IceCv)
  5 hydras
  16 centaur warriors
  A death knight (Crypt:2)
  4 peacekeepers
  Erica (D:8)
  8 rakshasas
  9 spriggan air magi
  11 anacondas
  2 satyrs (Shoals:3)
  8 merfolk aquamancers
  2 catoblepae
  2 boulder beetles
  17 two-headed ogres
  41 vault guards
  2 merfolk avatars (Shoals:2)
  18 death yaks
  2 spriggan skeletons
  A dancing weapon (Vaults:5)
  A fenstrider witch skeleton (Crypt:2)
  5 ogre magi
  6 deep troll shamans
  Urug (D:10)
  6 tengu warriors
  8 spriggan berserkers
  12 deep troll earth magi
  A skyshark (Shoals:2)
  2 orc high priests
  4 vampire magi
  18 naga warriors
  8 shock serpents
  4 soul eaters
  6 naga sharpshooters
  Nergalle (Orc:1)
  7 hell knights
  Sonja (Orc:1)
  14 iron trolls
  5 sun demons
  2 sixfirhies (Depths:2)
  3 shadow wraiths
  33 skeletal warriors
  3 flayed ghosts
  A shadow demon (Depths:2)
  5 salamander mystics
  8 sea snakes
  3 bog bodies (IceCv)
  61 deep trolls
  5 naga ritualists
  4 glowing orange brains
  A spriggan simulacrum (IceCv)
  An anaconda zombie (Crypt:1)
  Pikel (D:4)
  26 harpies
  6 phantasmal warriors
  6 lindwurms
  9 wizards
  3 tengu zombies
  3 obsidian statues
  6 orc knights
  An anaconda skeleton (Crypt:1)
  21 ironbound convokers
  A frost giant zombie (WizLab)
  6 fauns
  2 stone giant zombies (WizLab)
  5 necromancers
  2 orc sorcerers
  8 mana vipers
  63 ugly things
  A shining eye (shapeshifter) (Depths:3)
  19 salamanders
  7 manticores
  A fire giant zombie (WizLab)
  5 cyclopes
  10 moths of wrath
  32 black mambas
  12 elephants
  4 merfolk sirens
  3 stone giant skeletons
  3 guardian serpents
  A moth of wrath (shapeshifter) (Vaults:5)
  A demonspawn zombie (WizLab)
  18 vault sentinels
  An eye of devastation (Gauntlet)
  An eye of devastation (shapeshifter) (Vaults:5)
  18 naga magi
  3 orange demons (Depths:2)
  Maggie (D:6)
  11 water nymphs
  2 gargoyles
  A rime drake (shapeshifter) (D:15)
  10 cane toads
  A naga skeleton (Crypt:1)
  An orb spider zombie (Crypt:3)
  7 komodo dragons
  A black draconian zombie (Crypt:2)
  2 rime drakes
  39 yaktaurs
  A freezing wraith (Vaults:5)
  2 unseen horror zombies
  An anaconda simulacrum (Shoals:1)
  A kobold demonologist (D:12)
  An unseen horror (D:10)
  6 golden dragon simulacra (IceCv)
  3 guardian mummies (WizLab)
  5 ice devils
  A troll (shapeshifter) (D:15)
  A yellow draconian skeleton (Crypt:2)
  4 polar bears (Lair:5)
  10 wind drakes
  17 trolls
  A harpy skeleton (Crypt:2)
  3 meliai (D:14)
  35 merfolk
  Grinder (D:5)
  A hellwing (D:3)
  15 hornets
  2 dream sheep (Lair:5)
  A fire dragon zombie (WizLab)
  14 blink frogs
  Prince Ribbit (Bailey)
  4 spriggan zombies
  A deep troll zombie (WizLab)
  A sphinx simulacrum (Vaults:4)
  A fire dragon skeleton (Crypt:2)
  6 centaur simulacra
  4 snapping turtles
  A spriggan (shapeshifter) (Vaults:5)
  4 ynoxinuls
  3 shadows (D:12)
  34 water elementals
  11 air elementals (Shoals:4)
  49 slime creatures
  A vampire (D:10)
  A dire elephant simulacrum (Shoals:1)
  A black mamba skeleton (Crypt:2)
  22 yaks
  21 spriggans
  4 wyverns
  7 wraiths
  6 humans (Bailey)
  3 basilisks
  A tyrant leech zombie (Crypt:1)
  A basilisk (shapeshifter) (Vaults:5)
  3 fire elementals (D:12)
  2 golden eyes (Gauntlet)
  A redback (Vaults:2)
  A human (shapeshifter) (Vaults:5)
  4 vampire mosquitoes (D:13)
  3 neqoxecs (Depths:2)
  2 steam dragons
  2 minotaur simulacra (IceCv)
  3 wargs
  Menkaure (D:4)
  A glowing shapeshifter zombie (Vaults:4)
  A harpy simulacrum (Shoals:1)
  An acid dragon (D:14)
  23 nagas
  A glowing shapeshifter skeleton (Crypt:1)
  5 hydra simulacra (IceCv)
  A deep troll skeleton (Crypt:1)
  A floating eye (Depths:1)
  17 water moccasins
  A sky beast (D:8)
  An alligator simulacrum (Shoals:1)
  10 hell hounds
  30 orc warriors
  3 ice beasts
  5 black bears
  2 ettin simulacra (IceCv)
  A swamp dragon zombie (Crypt:2)
  30 wolves
  20 ogres
  4 boggarts (Lair:5)
  12 centaurs
  A manticore skeleton (Crypt:1)
  4 lemures
  A yaktaur zombie (Crypt:1)
  5 kobold brigands
  17 bullfrogs
  4 deep troll simulacra (Shoals:1)
  A glowing shapeshifter simulacrum (Vaults:4)
  5 necrophages
  6 scorpions
  A draconian skeleton (Crypt:2)
  A gnoll sergeant (D:8)
  2 wyvern zombies (D:6)
  A naga simulacrum (Crypt:2)
  14 wights
  A wyvern skeleton (Crypt:2)
  5 killer bees (D:7)
  A polar bear skeleton (Crypt:1)
  6 howler monkeys
  A wolf zombie (Crypt:3)
  A crimson imp (D:12)
  2 bullfrog zombies (D:6)
  2 human zombies
  2 jellies
  9 orc priests
  Crazy Yiuf (D:4)
  2 hounds (D:8)
  5 gnoll boudas
  2 iguanas
  22 orc wizards
  Ijyb (D:4)
  A basilisk skeleton (Crypt:2)
  A hell rat (Lair:3)
  A killer bee zombie (D:6)
  A deep dwarf skeleton (Crypt:3)
  5 mummies
  A howler monkey zombie (D:6)
  19 gnolls
  4 adders
  A swamp drake skeleton (Crypt:2)
  4 shadow imps
  5 white imps
  5 ufetubi
  A dart slug (D:3)
  80 orcs
  3 endoplasms
  2 giant cockroaches
  12 goblins
  12 hobgoblins
  12 jackals
  4 quokkas
  6 ball pythons
  3 bats (D:1)
  3 frilled lizards
  23 kobolds
  7 rats
  A rat zombie (Crypt:2)
  3 tentacles (Shoals:3)
2044 creatures vanquished.

Vanquished Creatures (others)
  A fire giant (Vaults:5)
  A frost giant (Depths:1)
  An ice dragon (Depths:4)
  A troll (D:11)
  A gnoll (D:8)
  24 fungi
  102 plants
  13 tentacles (Shoals:3)
  5 withered plants (Crypt:3)
149 creatures vanquished.

Grand Total: 2193 creatures vanquished

Notes
Turn   | Place    | Note
-------+----------+-------------------------------------------
     0 | D:1      | Monkooky the Ogre Gladiator began the quest for the Orb.
     0 | D:1      | Reached XP level 1. HP: 22/22 MP: 1/1
   331 | D:1      | Reached XP level 2. HP: 29/29 MP: 2/2
  1157 | D:2      | Reached XP level 3. HP: 22/37 MP: 3/3
  2154 | D:3      | Found a faded altar of an unknown god.
  2244 | D:3      | Reached XP level 4. HP: 43/48 MP: 4/4
  2459 | D:4      | Noticed a scorpion
  2465 | D:4      | Killed a scorpion
  2466 | D:4      | Reached XP level 5. HP: 51/55 MP: 5/5
  2483 | D:4      | Reached skill level 5 in Fighting
  2608 | D:4      | Noticed Pikel
  2608 | D:4      | Noticed a lemure
  2608 | D:4      | Noticed a lemure
  2608 | D:4      | Noticed a lemure
  2610 | D:4      | Noticed a lemure
  2678 | D:3      | Killed a lemure
  2734 | D:4      | Reached XP level 6. HP: 53/67 MP: 6/6
  2850 | D:4      | Noticed Ijyb
  2851 | D:4      | Killed Ijyb
  2893 | D:4      | Noticed Menkaure
  2902 | D:5      | Entered Level 5 of the Dungeon
  3172 | D:5      | Noticed Grinder
  3177 | D:5      | Killed Grinder
  3178 | D:5      | Reached XP level 7. HP: 67/80 MP: 7/7
  3191 | D:5      | Identified the +0 robe of Sif Muna's Displeasure {MP+9}
  3308 | D:5      | Reached skill level 5 in Throwing
  3546 | D:5      | Reached XP level 8. HP: 89/92 MP: 8/8
  3623 | D:5      | Found a staircase to the Ecumenical Temple.
  3821 | Temple   | Entered the Ecumenical Temple
  3847 | Temple   | Became a worshipper of Warmaster Okawaru
  4082 | D:4      | Killed Menkaure
  4083 | D:4      | Reached skill level 10 in Fighting
  4167 | D:4      | Killed Pikel
  4167 | D:4      | Reached * piety under Okawaru
  4469 | D:4      | Found a runed translucent door.
  4470 | D:4      | Noticed Crazy Yiuf
  4528 | D:4      | Reached skill level 1 in Maces & Flails
  4587 | D:4      | Killed Crazy Yiuf
  4886 | D:6      | Reached XP level 9. HP: 106/106 MP: 9/9
  5258 | D:6      | Noticed Maggie
  5268 | D:6      | Killed Maggie
  5268 | D:6      | Reached ** piety under Okawaru
  5327 | D:6      | Found a runed translucent door.
  5330 | D:6      | Found a shimmering altar of Xom.
  5330 | D:6      | Noticed a +1 flail of chaos
  5330 | D:6      | Noticed Pimp's ghost (novice HOFi)
  5398 | D:6      | Found an ancient bone altar of Kikubaaqudgha.
  5763 | D:7      | Found a flagged portal.
  5863 | Bailey   | Entered a bailey
  5884 | Bailey   | Reached XP level 10. HP: 75/115 MP: 12/12
  5885 | Bailey   | Reached *** piety under Okawaru
  5897 | Bailey   | Reached skill level 5 in Maces & Flails
  6068 | Bailey   | Reached **** piety under Okawaru
  6090 | Bailey   | Noticed a vault guard
  6130 | Bailey   | Killed a vault guard
  6229 | Bailey   | Noticed Prince Ribbit
  6229 | Bailey   | Noticed a vault guard
  6237 | Bailey   | Killed Prince Ribbit
  6267 | Bailey   | Killed a vault guard
  6548 | D:7      | Found a glowing silver altar of Zin.
  6877 | D:8      | Reached XP level 11. HP: 123/123 MP: 14/14
  6953 | D:8      | Received a gift from Okawaru
  6958 | D:8      | Reached skill level 5 in Invocations
  7322 | D:8      | Noticed Erica
  7339 | D:8      | Killed Erica
  7339 | D:8      | Received a gift from Okawaru
  7533 | D:8      | Paralysed by a hobgoblin for 3 turns
  8068 | D:9      | Noticed a two-headed ogre
  8115 | D:9      | Killed a two-headed ogre
  8115 | D:9      | Reached ***** piety under Okawaru
  8115 | D:9      | Received a gift from Okawaru
  8319 | D:9      | Found a broken altar of Ashenzari.
  8512 | D:9      | Received a gift from Okawaru
  8778 | D:10     | Entered Level 10 of the Dungeon
  8803 | D:10     | Noticed Fannar
  8809 | D:10     | Killed Fannar
  8812 | D:10     | Noticed Urug
  8834 | D:9      | Reached skill level 10 in Invocations
  8911 | D:10     | Killed Urug
  9119 | D:10     | Paralysed by a hornet for 3 turns
  9197 | D:10     | Received a gift from Okawaru
  9316 | D:10     | Paralysed by a hornet for 1 turns
  9326 | D:10     | Identified the +6 giant club of Innocence {venom, Will+
                  | rCorr Str+2 Int+2} (Okawaru gifted it to you on level 10 of
                  | the Dungeon)
  9326 | D:10     | Received a gift from Okawaru
  9335 | D:10     | Reached XP level 12. HP: 92/133 MP: 18/20
 10498 | D:11     | Noticed Harold
 10507 | D:11     | Killed Harold
 10591 | D:11     | Noticed a death yak
 10595 | D:11     | Noticed a death yak
 10597 | D:11     | Noticed a death yak
 10603 | D:11     | Noticed a death yak
 10606 | D:11     | Noticed a death yak
 10606 | D:11     | Noticed a death yak
 10618 | D:11     | Noticed a death yak
 10622 | D:11     | Killed a death yak
 10628 | D:11     | Killed a death yak
 10635 | D:11     | Killed a death yak
 10638 | D:11     | Killed a death yak
 10646 | D:11     | Killed a death yak
 10646 | D:11     | Received a gift from Okawaru
 10647 | D:11     | Reached skill level 15 in Fighting
 10674 | D:11     | Noticed a death yak
 10694 | D:11     | Killed a death yak
 10703 | D:11     | Killed a death yak
 10717 | D:11     | Killed a death yak
 10718 | D:11     | Reached skill level 10 in Throwing
 10770 | D:11     | Found a staircase to the Lair.
 10869 | D:11     | Noticed Snorg
 10879 | D:11     | Killed Snorg
 11253 | D:11     | Received a gift from Okawaru
 11490 | D:12     | Found a staircase to the Orcish Mines.
 11564 | D:12     | Reached XP level 13. HP: 135/152 MP: 21/21
 11567 | D:12     | Identified the +8 morningstar of Foolhardiness {drain, Fly}
                  | (Okawaru gifted it to you on level 12 of the Dungeon)
 11567 | D:12     | Received a gift from Okawaru
 11854 | D:12     | Noticed Frances
 11872 | D:12     | Killed Frances
 12397 | D:13     | Noticed Azrael
 12521 | D:13     | Killed Azrael
 12521 | D:13     | Received a gift from Okawaru
 13050 | D:13     | Found Geqolig's Firing Range.
 13057 | D:13     | Bought 4 large rocks for 78 gold pieces
 13057 | D:13     | Bought a throwing net for 39 gold pieces
 13057 | D:13     | Bought 3 large rocks for 58 gold pieces
 13057 | D:13     | Bought 3 large rocks for 58 gold pieces
 13057 | D:13     | Bought 2 large rocks for 39 gold pieces
 13057 | D:13     | Bought 3 silver boomerangs for 234 gold pieces
 13792 | Lair:1   | Entered Level 1 of the Lair of Beasts
 13792 | Lair:1   | Found a gate leading to a gauntlet.
 13797 | Gauntlet | Entered a Gauntlet
 13797 | Gauntlet | Found a transporter.
 13797 | Gauntlet | Found a transporter.
 13810 | Gauntlet | Found a transporter.
 13829 | Gauntlet | Found a transporter.
 13829 | Gauntlet | Found a transporter.
 13832 | Gauntlet | Found a transporter.
 13832 | Gauntlet | Found a transporter.
 13832 | Gauntlet | Found a transporter.
 13844 | Gauntlet | Found a transporter.
 13861 | Gauntlet | Noticed a blizzard demon
 13862 | Gauntlet | Found a transporter.
 13872 | Gauntlet | Found a transporter.
 13887 | Gauntlet | Found a transporter.
 13907 | Gauntlet | Found a transporter.
 13921 | Gauntlet | Found a transporter.
 14015 | Gauntlet | Identified the ring "Ybeuf" {*Slow rPois rC+ rCorr Dex+5}
 14117 | Gauntlet | Killed a blizzard demon
 14140 | Gauntlet | Identified the amulet "Fakhutao" {Acrobat SInv}
 14166 | Gauntlet | Noticed a minotaur
 14175 | Gauntlet | Killed a minotaur
 14265 | Lair:1   | Reached skill level 1 in Evocations
 14306 | Lair:1   | Received a gift from Okawaru
 14411 | Lair:1   | Reached XP level 14. HP: 163/163 MP: 22/22
 14886 | Lair:2   | Received a gift from Okawaru
 15302 | Lair:2   | Reached skill level 5 in Evocations
 15933 | Lair:3   | Found a transporter.
 15934 | Lair:3   | Found a transporter.
 15956 | Lair:3   | Found a staircase to the Shoals.
 16205 | Lair:3   | Found a staircase to the Snake Pit.
 16309 | Lair:3   | Found a shadowy altar of Dithmenos.
 16752 | Lair:4   | Received a gift from Okawaru
 17211 | Lair:4   | You are sucked into a shaft and drop 1 floor!
 17211 | Lair:5   | Entered Level 5 of the Lair of Beasts
 17215 | Lair:5   | Received a gift from Okawaru
 17242 | Lair:5   | Received a gift from Okawaru
 17243 | Lair:5   | Reached skill level 15 in Throwing
 17253 | Lair:5   | Received a gift from Okawaru
 17254 | Lair:5   | Reached skill level 1 in Armour
 17292 | Lair:5   | Received a gift from Okawaru
 17337 | Lair:5   | Identified the +8 rapier "Qoawn" {pain, rC+ Int+3 Dex-3}
 17543 | Lair:5   | Found a staircase to the Slime Pits.
 18264 | Lair:5   | Reached XP level 15. HP: 110/174 MP: 23/23
 18733 | Orc:1    | Entered Level 1 of the Orcish Mines
 18736 | Orc:1    | Noticed Nergalle
 18738 | Orc:1    | Noticed Sonja
 18757 | Orc:1    | Killed Nergalle
 18764 | Orc:1    | Killed Sonja
 18808 | Orc:1    | Identified the +3 kite shield "Wemipy" {Int+3} (Okawaru
                  | gifted it to you on level 1 of the Orcish Mines)
 18808 | Orc:1    | Received a gift from Okawaru
 18821 | Orc:1    | Reached skill level 1 in Shields
 19218 | Orc:1    | You are sucked into a shaft and drop 1 floor!
 19218 | Orc:2    | Entered Level 2 of the Orcish Mines
 19264 | Orc:2    | Reached skill level 5 in Shields
 19529 | Orc:2    | Found Ekkoc's Distillery.
 19600 | Orc:2    | Found Ozueff's Assorted Antiques.
 19603 | Orc:2    | Bought a potion of heal wounds for 85 gold pieces
 19605 | Orc:2    | Found Wutexu's Book Shop.
 19606 | Orc:2    | Found Okihup's Antique Armour Shop.
 19876 | Orc:2    | Found a staircase to the Elven Halls.
 19943 | Orc:2    | Found a runed translucent gate.
 19944 | Orc:2    | Found a runed translucent gate.
 19945 | Orc:2    | Found a runed translucent gate.
 19945 | Orc:2    | Noticed browni3141's ghost (journeyman OpAE)
 19946 | Orc:2    | Identified the +4 chain mail of the Antique God {rPois rN+
                  | rCorr Dex+2}
 19946 | Orc:2    | Noticed an orc warlord
 20241 | Shoals:1 | Entered Level 1 of the Shoals
 20259 | Shoals:1 | Identified the +9 flail of Fepseis {speed, *Noise Int+5
                  | Dex+8} (Okawaru gifted it to you on level 1 of the Shoals)
 20259 | Shoals:1 | Received a gift from Okawaru
 20302 | Shoals:1 | Found a transporter.
 20307 | Shoals:1 | Found a transporter.
 20307 | Shoals:1 | Noticed Busoho's ghost (adept MiFi)
 20433 | Shoals:1 | Found a frozen archway.
 20483 | IceCv    | Entered an ice cave
 20510 | IceCv    | Reached XP level 16. HP: 183/183 MP: 24/24
 20663 | IceCv    | Reached skill level 10 in Shields
 20855 | IceCv    | Noticed an Ice Fiend
 20862 | IceCv    | Killed an Ice Fiend
 21021 | IceCv    | Received a gift from Okawaru
 21518 | Shoals:1 | You are sucked into a shaft and drop 1 floor!
 21544 | Shoals:2 | Noticed Ilsuiw
 21550 | Arena    | Entered the Arena
 21558 | Arena    | Killed Ilsuiw
 21675 | Shoals:2 | Got the Discourse on Fascination
 21714 | Shoals:2 | Reached skill level 1 in Axes
 22175 | Shoals:1 | Received a gift from Okawaru
 22297 | Shoals:1 | Noticed Mlioglotl
 22304 | Shoals:1 | Noticed a tentacled starspawn
 22348 | Shoals:1 | Found Amubru's Weapon Shoppe.
 22370 | Shoals:1 | Bought 2 throwing nets for 114 gold pieces
 22370 | Shoals:1 | Bought 6 silver javelins for 1026 gold pieces
 22403 | Shoals:1 | Killed Mlioglotl
 22404 | Shoals:1 | Reached skill level 5 in Axes
 23252 | Shoals:2 | Received a gift from Okawaru
 23263 | Shoals:2 | Noticed Polyphemus
 23295 | Shoals:2 | Killed Polyphemus
 23465 | Shoals:2 | Received a gift from Okawaru
 23608 | Shoals:3 | Noticed Nikola
 23616 | Shoals:3 | Killed Nikola
 23686 | Shoals:3 | Received a gift from Okawaru
 23785 | Shoals:3 | Reached XP level 17. HP: 128/192 MP: 26/26
 23872 | Shoals:3 | Reached ****** piety under Okawaru
 24048 | Shoals:3 | Noticed a kraken
 24098 | Shoals:3 | Killed a kraken
 24098 | Shoals:3 | Received a gift from Okawaru
 24555 | Shoals:4 | Entered Level 4 of the Shoals
 24620 | Shoals:4 | Reached skill level 10 in Axes
 24624 | Shoals:4 | Paralysed by an air elemental for 1 turns
 24710 | Shoals:4 | Paralysed by an air elemental for 1 turns
 24712 | Shoals:4 | Paralysed by an air elemental for 1 turns
 25193 | Shoals:4 | Identified the ring of the Cockatrice {MP+9 Str+3}
 25313 | Shoals:4 | Paralysed by an air elemental for 1 turns
 25317 | Shoals:4 | Paralysed by an air elemental for 1 turns
 25321 | Shoals:4 | Paralysed by an air elemental for 1 turns
 25325 | Shoals:4 | Paralysed by an air elemental for 1 turns
 25332 | Shoals:4 | Paralysed by an air elemental for 1 turns
 25591 | Shoals:4 | Got the Octavo of Geometry
 25594 | Shoals:4 | Got a barnacled rune of Zot
 25688 | Shoals:4 | Found a blossoming altar of Fedhas.
 25702 | Shoals:4 | Paralysed by an air elemental for 1 turns
 25743 | Shoals:4 | Paralysed by an air elemental for 1 turns
 25745 | Shoals:4 | Paralysed by an air elemental for 1 turns
 25749 | Shoals:4 | Paralysed by an air elemental for 1 turns
 25752 | Shoals:4 | Paralysed by an air elemental for 1 turns
 25763 | Shoals:4 | Identified the +7 quarterstaff "Geipp" {freeze, rCorr Int-4
                  | Dex+2 Stlth+} (Okawaru gifted it to you on level 4 of the
                  | Shoals)
 25763 | Shoals:4 | Received a gift from Okawaru
 25902 | Shoals:4 | Paralysed by an air elemental for 1 turns
 25907 | Shoals:4 | Paralysed by an air elemental for 1 turns
 25994 | Shoals:4 | Identified the ring of Wonder {Wiz rC+ rCorr Dex+3}
 26028 | Shoals:4 | Identified the +3 halberd of the Solstice {flame, rF+ Str+2
                  | Int+6}
 26811 | Snake:1  | Entered Level 1 of the Snake Pit
 26811 | Snake:1  | Noticed Asterion
 26822 | Snake:1  | Killed Asterion
 27431 | Snake:1  | Received a gift from Okawaru
 27459 | Snake:1  | Received a gift from Okawaru
 27598 | Snake:1  | Reached XP level 18. HP: 166/206 MP: 27/27
 27665 | Snake:1  | Identified Roxanne's Encyclopedia of Evolution
 27665 | Snake:1  | Noticed Roxanne
 28293 | Snake:1  | Noticed Aizul
 28315 | Snake:1  | Killed Aizul
 28568 | Snake:2  | Received a gift from Okawaru
 28705 | Snake:1  | HP: 8/208 [poisoned by naga ritualist (concentrated venom)]
 30061 | Snake:4  | Entered Level 4 of the Snake Pit
 30251 | Snake:4  | Identified the +9 quarterstaff "Zeajeq" {antimagic, rF+ rC+
                  | Will+ Int+3} (Okawaru gifted it to you on level 4 of the
                  | Snake Pit)
 30251 | Snake:4  | Received a gift from Okawaru
 30258 | Snake:4  | Reached skill level 5 in Armour
 30271 | Arena    | Entered the Arena
 30565 | Snake:4  | Reached skill level 5 in Dodging
 30714 | Snake:4  | Identified the +0 broad axe of Miapi {antimagic, rN+ Will+
                  | Str+3 Int+4} (Okawaru gifted it to you on level 4 of the
                  | Snake Pit)
 30714 | Snake:4  | Received a gift from Okawaru
 30922 | Snake:4  | Got a serpentine rune of Zot
 32049 | D:13     | Reached XP level 19. HP: 214/216 MP: 28/28
 32246 | D:14     | Found a gate to the Vaults.
 32263 | D:14     | Received a gift from Okawaru
 32701 | D:14     | Found a faded altar of an unknown god.
 32939 | D:15     | Entered Level 15 of the Dungeon
 32951 | D:15     | Noticed Jorgrun
 32958 | D:15     | Killed Jorgrun
 33256 | D:15     | Paralysed by something for 2 turns
 33340 | D:15     | Noticed Louise
 33349 | D:15     | Killed Louise
 33451 | D:15     | Found a staircase to the Depths.
 33986 | Slime:1  | Entered Level 1 of the Pits of Slime
 34202 | Vaults:1 | Entered Level 1 of the Vaults
 34357 | Vaults:1 | Received a gift from Okawaru
 34462 | Vaults:1 | Identified the +1 hat of Gixtel {Rampage rPois rF-}
                  | (Okawaru gifted it to you on level 1 of the Vaults)
 34462 | Vaults:1 | Received a gift from Okawaru
 34721 | Vaults:1 | Identified the +7 dagger of Descent {spect, rPois rN+++
                  | Int-2 Stlth+}
 34806 | Vaults:1 | Reached XP level 20. HP: 234/236 MP: 29/29
 35746 | Arena    | Entered the Arena
 36164 | Vaults:2 | Found a magical portal.
 36173 | WizLab   | Entered Doroklohe's Tomb
 36214 | WizLab   | Noticed an ancient lich
 36234 | WizLab   | Killed an ancient lich
 36234 | WizLab   | Received a gift from Okawaru
 36654 | WizLab   | Reached skill level 10 in Evocations
 37050 | Vaults:2 | Received a gift from Okawaru
 37243 | Vaults:2 | Received a gift from Okawaru
 37393 | Vaults:2 | Found a staircase to the Crypt.
 38020 | Vaults:2 | Received a gift from Okawaru
 38100 | Vaults:2 | Identified the +2 scale mail of Kairi {rElec Will+ Slay+2}
 38235 | Vaults:3 | Reached XP level 21. HP: 245/245 MP: 31/31
 38286 | Vaults:3 | Found a runed translucent door.
 38286 | Vaults:3 | Noticed Zissick's ghost (adept MiBr)
 38570 | Vaults:3 | Reached skill level 15 in Axes
 38679 | Vaults:3 | Received a gift from Okawaru
 39417 | Vaults:3 | Noticed Donald
 39426 | Vaults:3 | Killed Donald
 39571 | Vaults:4 | Received a gift from Okawaru
 39643 | Vaults:4 | Identified the +6 sling of False Accusations {flame, Dex+4}
                  | (Okawaru gifted it to you on level 4 of the Vaults)
 39643 | Vaults:4 | Received a gift from Okawaru
 39852 | Vaults:4 | Reached skill level 1 in Stealth
 40344 | Vaults:4 | Reached skill level 5 in Stealth
 40427 | Vaults:4 | Identified the -2 tower shield "Xitahituuc" {rC++ Slay-5}
                  | (Okawaru gifted it to you on level 4 of the Vaults)
 40427 | Vaults:4 | Received a gift from Okawaru
 40462 | Arena    | Entered the Arena
 40839 | Vaults:4 | Reached XP level 22. HP: 248/254 MP: 32/32
 41114 | Vaults:5 | Entered Level 5 of the Vaults
 41114 | Vaults:5 | Noticed a golden dragon
 41151 | Arena    | Entered the Arena
 41207 | Vaults:5 | Killed a golden dragon
 41282 | Vaults:5 | Identified the +7 war axe of Afalif {drain, Str+9 Int+4}
 41316 | Vaults:5 | Received a gift from Okawaru
 41355 | Vaults:5 | Received a gift from Okawaru
 41355 | Vaults:5 | Found the +8 whip "Snakebite" {venom, curare, rPois}
 41393 | Vaults:5 | Noticed a golden dragon
 41406 | Vaults:5 | Killed a golden dragon
 41410 | Vaults:5 | Reached skill level 10 in Dodging
 41578 | Vaults:5 | Identified the ring of Tirghi {Fly rN+ Str-5 Int+3 Dex+7}
 41599 | Vaults:5 | Identified the +1 hat "Owirph" {Fly rN+ rCorr Dex-5}
 42033 | Vaults:5 | Identified the +4 war axe of Megalomania {drain, rN++ Int+3
                  | Dex+2}
 42097 | Vaults:5 | Identified the +7 mace of Meat {flame, Int+8}
 42205 | Vaults:5 | Identified the +4 broad axe "Monkooky's Bane" {protect,
                  | Str+4}
 42205 | Vaults:5 | Identified the amulet "Tock" {RegenMP rElec rPois rF-
                  | rCorr}
 42278 | Vaults:5 | Identified the +0 robe of the Eight Boll Weevils {rPois rN+
                  | Str+6 Dex-5}
 42280 | Vaults:5 | Got a silver rune of Zot
 42304 | Vaults:5 | Identified the +2 war axe of Tortured Valiance {flame,
                  | rElec}
 42562 | Vaults:5 | Identified the +8 tower shield "Zaor" {rElec} (Okawaru
                  | gifted it to you on level 5 of the Vaults)
 42562 | Vaults:5 | Received a gift from Okawaru
 42600 | Vaults:5 | Paralysed by a sphinx for 3 turns
 42617 | Vaults:5 | Reached XP level 23. HP: 105/239 MP: 31/33
 42623 | Vaults:5 | Noticed a golden dragon
 42627 | Vaults:5 | Killed a golden dragon
 42801 | Vaults:5 | Noticed a dread lich
 42810 | Arena    | Entered the Arena
 42814 | Arena    | Killed a dread lich
 43008 | Vaults:5 | Identified the +0 robe of Contumacious Surprise {Slay+2}
 43494 | Depths:1 | Entered Level 1 of the Depths
 43899 | Depths:1 | Paralysed by a vampire knight for 4 turns
 43904 | Depths:1 | Noticed a golden dragon
 44123 | Depths:1 | Noticed a golden dragon
 44131 | Depths:1 | Killed a golden dragon
 44163 | Depths:1 | Noticed a golden dragon
 44168 | Depths:1 | Killed a golden dragon
 44182 | Depths:1 | Killed a golden dragon
 44218 | Depths:1 | Paralysed by a floating eye for 2 turns
 44243 | Depths:1 | Received a gift from Okawaru
 44510 | Depths:1 | Found a gateway to Hell.
 44528 | Depths:1 | Identified the +0 flail of Tooth {spect, rElec rF+ MP+9
                  | Dex-4} (Okawaru gifted it to you on level 1 of the Depths)
 44528 | Depths:1 | Received a gift from Okawaru
 44540 | Depths:1 | Found a sacrificial altar of Ru.
 44569 | Depths:1 | Found a one-way gateway to a ziggurat.
 44687 | Depths:1 | Found a one-way gate to the infinite horrors of the Abyss.
 44788 | Depths:1 | Identified the +3 hand axe "Lapoasun" {venom, rElec rCorr}
 44985 | Depths:2 | Found a shimmering altar of Xom.
 45002 | Depths:2 | Found a shimmering altar of Xom.
 45005 | Depths:2 | Found a shimmering altar of Xom.
 45008 | Depths:2 | Found a shimmering altar of Xom.
 45008 | Depths:2 | Found a shimmering altar of Xom.
 45008 | Depths:2 | Found a shimmering altar of Xom.
 45216 | Depths:2 | Noticed Mara
 45225 | Depths:2 | Noticed Monkooky's illusion
 45227 | Depths:2 | Killed Mara
 45419 | Depths:2 | Received a gift from Okawaru
 45605 | Depths:2 | Found a one-way gate leading to the halls of Pandemonium.
 45861 | Depths:2 | Reached XP level 24. HP: 273/273 MP: 33/33
 46223 | Depths:3 | Received a gift from Okawaru
 46266 | Depths:3 | Reached skill level 10 in Armour
 46332 | Depths:4 | Entered Level 4 of the Depths
 46394 | Depths:3 | Received a gift from Okawaru
 46420 | Depths:4 | Noticed Frederick
 46444 | Depths:3 | Killed Frederick
 46533 | Depths:4 | Found a gate to the Realm of Zot.
 46584 | Zot:1    | Entered Level 1 of the Realm of Zot
 46660 | Zot:2    | Noticed a curse toe
 46661 | Arena    | Entered the Arena
 46668 | Arena    | Killed a curse toe
 46681 | Arena    | Entered the Arena
 46691 | Arena    | Received a gift from Okawaru
 46720 | Arena    | Entered the Arena
 46988 | Depths:4 | Received a gift from Okawaru
 47182 | Depths:4 | Found a blossoming altar of Fedhas.
 47251 | Depths:4 | Noticed Vv
 47269 | Depths:4 | Killed Vv
 47406 | Depths:4 | Found Tyera's Book Shop.
 47406 | Depths:4 | Found Utekk's Jewellery Shoppe.
 47407 | Depths:4 | Found Ebiorche's Book Shop.
 47415 | Depths:4 | Bought a +5 ring of evasion for 648 gold pieces
 47423 | Depths:4 | Bought a manual of Shields for 1760 gold pieces
 47471 | Depths:4 | Found a transporter.
 47471 | Depths:4 | Noticed Ubraesch's ghost (adept TrMo)
 47474 | Depths:4 | Identified the +9 great mace of Kindness {flame, Fly Str-3
                  | Int+4}
 47897 | Crypt:1  | Entered Level 1 of the Crypt
 47951 | Crypt:1  | Identified the +5 war axe of Qorghiaf {flame, rF++ Dex-2}
 47987 | Crypt:1  | Received a gift from Okawaru
 48253 | Crypt:1  | Reached skill level 15 in Shields
 48480 | Crypt:1  | Reached XP level 25. HP: 282/282 MP: 33/33
 48697 | Crypt:2  | Identified the +7 giant club of Okawaru, Stopping {heavy,
                  | Will+} (Okawaru gifted it to you on level 2 of the Crypt)
 48697 | Crypt:2  | Received a gift from Okawaru
 49570 | Crypt:3  | Entered Level 3 of the Crypt
 50147 | Zot:3    | Identified the +1 cloak "Emoexiwk" {Harm rElec rPois Will-}
                  | (Okawaru gifted it to you on level 3 of the Realm of Zot)
 50147 | Zot:3    | Received a gift from Okawaru
 50696 | Zot:5    | Entered Level 5 of the Realm of Zot
 51077 | Orc:2    | Bought a potion of might for 104 gold pieces
 51077 | Orc:2    | Bought a scroll of blinking for 195 gold pieces
 51077 | Orc:2    | Bought a scroll of blinking for 195 gold pieces
 51082 | Orc:2    | Bought a potion of lignification for 51 gold pieces
 51082 | Orc:2    | Bought a potion of resistance for 170 gold pieces
 51082 | Orc:2    | Bought a potion of curing for 51 gold pieces
 51942 | Depths:3 | Identified the +4 scimitar of Jaluhy {venom, rC+ Str+3}
 52039 | Depths:3 | Found a shimmering blue altar of Sif Muna.
 52210 | Depths:3 | Identified the +7 battleaxe "Riumekh" {spect, Str+2}
 52294 | Depths:3 | Received a gift from Okawaru
 52521 | Zot:5    | Found Xintauw's CLEARANCE SALE!.
 52556 | Zot:5    | Reached XP level 26. HP: 222/291 MP: 33/33
 52866 | Zot:5    | Received a gift from Okawaru
 52916 | Zot:5    | Noticed an ancient lich
 52932 | Zot:5    | Killed an ancient lich
 52978 | Zot:5    | Noticed a dread lich
 52981 | Zot:5    | Noticed an orb of fire
 52982 | Zot:5    | Noticed a Killer Klown
 52982 | Zot:5    | Noticed a Killer Klown
 52982 | Zot:5    | Noticed a Killer Klown
 52982 | Zot:5    | Noticed a Killer Klown
 52982 | Zot:5    | Noticed a Killer Klown
 52982 | Zot:5    | Noticed a Killer Klown
 52983 | Zot:5    | Noticed a Killer Klown
 52987 | Zot:5    | Got the Orb of Zot
 53240 | Zot:1    | Received a gift from Okawaru
 53730 | D:$      | Escaped with the Orb!

Illustrated notes

Levels and vault maps discovered:
D:1:      dpeg_arrival_circle_labyrinth_b, layout_loops_ring
D:2:      layout_basic, dk_vineyard_3, minmay_curled_crystal
D:3:      layout_basic, shapermc_ecumenical_altar_starsandcircs,
          serial_park_tiny_pond, hangedman_decor_riveting, minmay_statues_item
D:4:      layout_gridville, uniq_pikel, uniq_crazy_yiuf_cottage, uniq_ijyb,
          uniq_menkaure
D:5:      nicolae_cairo_tiling_very_big, layout_loops_ring, temple_doors_e,
          uniq_grinder
D:6:      layout_basic, lemuel_mausoleum_altar_kikubaaqudgha, ebering_ghost_xom,
          uniq_maggie
D:7:      layout_gridville, mainiacjoe_overflow_surrounded_room, enter_bailey_3
D:8:      kennysheep_housing_project, layout_loops_ring, minmay_strange_pillars,
          uniq_erica
D:9:      layout_loops_ring, marbit_many_paths
D:10:     layout_loops_corners, minmay_increasing_density, uniq_fannar,
          uniq_urug
D:11:     layout_stronghold, dpeg_lair_monsters, uniq_snorg, uniq_harold
D:12:     layout_basic, david_orc_2, minmay_fire_ice_demons, uniq_frances
D:13:     layout_layer_cave, serial_ice, serial_ice_o, serial_ice_g,
          serial_ice_c, serial_ice_h, ebering_dispersal_statue_hall,
          nicolae_shop_firing_range, uniq_azrael
D:14:     layout_stronghold, erik_vaults_2, serial_bayou_lagoon_a,
          serial_column_ruins, column_ruins_temple_hut,
          column_ruins_courtyard_long, column_ruins_columns_corner,
          column_ruins_open_medium, column_ruins_columns_straight,
          column_ruins_grid_4, column_ruins_open_tiny,
          column_ruins_corridor_straight
D:15:     gammafunk_enter_depths_forms, layout_small_grid, fountainhead,
          drop_trap, library_closet, uniq_jorgrun, uniq_louise
Temple:   hellmonk_temple_of_storms
Lair:1:   layout_roguey, gauntlet_entry_generic, st_stairs_3
Lair:2:   layout_small_grid, st_stairs_9, dreamdust_deal_with_the_devil,
          lemuel_fruit_tree
Lair:3:   gammafunk_boulding_lane, layout_cave_pods,
          minmay_shoals_entry_centaurs, dummy_snake_entry, basic_altar,
          st_stairs_11
Lair:4:   layout_gridlike, serial_rivers, chequers_serial_rivers_room_b,
          chequers_serial_rivers_room_b, chequers_serial_rivers_large_a,
          chequers_serial_rivers_small_b, chequers_serial_rivers_small_b
Lair:5:   minmay_lair_end_enchanted_forest, layout_big_grid, slime_entry_1,
          eino_small_chamber_without_monster
Shoals:1: layout_shoals, portal_ice_cave_entry_ice_simulacra,
          gammafunk_ghost_arena, serial_shops,
          nicolae_shop_bloodbath_and_beyond, uniq_mlioglotl
Shoals:2: layout_shoals, nicolae_shoals_cliffside_cave,
          nicolae_shoals_lost_giant_amphitheater, uniq_ilsuiw, uniq_polyphemus
Shoals:3: layout_shoals, uniq_nikola
Shoals:4: shoals_end_hellmonk_storm_palace [storm_palace_center_circular,
          storm_palace_corner_blocked, storm_palace_corner_altar,
          storm_palace_corner_pillars, storm_palace_corner_narrow]
Snake:1:  layout_layer_cave, grunt_megastairs_1, uniq_aizul, uniq_roxanne,
          uniq_asterion
Snake:2:  layout_rooms, serial_corexii_hall, chequers_hall_statues_y,
          chequers_hall_statues_corner_a, corexii_hall_statues_u, st_stairs_13,
          nicolae_snake_serpentine_hallways, hangedman_snake_thin_pillar_pass,
          nicolae_fountain_basement
Snake:3:  layout_onion
Snake:4:  snake_pit, layout_basic
Slime:1:  nicolae_slime_jelly_donut, layout_caves
Orc:1:    layout_caves, mines2_david, uniq_sonja, uniq_nergalle
Orc:2:    st_orc_open, layout_caves, biasface_ghost_orc_armoury
Vaults:1: nicolae_vaults_little_squares_2, ontoclasm_vaults_ligature,
          hangedman_vaults_river_flow, nicolae_vaults_theta,
          nicolae_vaults_puzzle_piece, v_misc_8, vaults_standard_mumra_x,
          v_misc_10, ontoclasm_vaults_ring_square, v_misc_1,
          vaults_dpeg_encased_lava, v_alt_pattern_6, layout_vaults_omnicross
Vaults:2: mu_enter_wizlab_3, vaults_mumra_minichess_inversion,
          minmay_crypt_entry_simple_box, ontoclasm_vaults_gallery, v_rooms_1,
          grunt_vaults_diagonal, vaults_room_semicircle,
          dpeg_vaults_monster_box, vaults_room_pools, layout_vaults_chaotic_city
Vaults:3: ebering_ghost_inner_flame, v_misc_17, hangedman_vaults_nails,
          v_rooms_6, hangedman_vaults_hat, ontoclasm_vaults_loading_screen,
          nicolae_vaults_big_angled_halls, v_misc_2, v_misc_19,
          vaults_room_hangedman_quadrants, vaults_room_stairs_pillars, v_misc_4,
          nicolae_vaults_little_squares_3, layout_vaults_ring, uniq_donald
Vaults:4: vaults_room_semicircle, nicolae_vaults_diagonal_hallway_6, st_star,
          v_misc_5, vaults_dpeg_hooks, v_rooms_3, vaults_room_door_hall,
          nicolae_vaults_little_squares_3, vaults_room_fancy_cross,
          nicolae_vaults_alarming, hangedman_vaults_stream,
          vaults_standard_mumra_enter_the_diamond, layout_vaults_maze_bifur
Vaults:5: serial_shops
Crypt:1:  layout_misc_corridors, lemuel_upstairs_altar,
          grunt_crypt_arrival_webbed
Crypt:2:  layout_regular_city, grunt_ministairs_14, item_on_display_a
Crypt:3:  church_of_pain_bobbens, layout_chaotic_city,
          nicolae_tomb_entry_unfolded_pyramid_diagonal, st_shrine_of_skulls,
          uniq_grunn
Depths:1: minmay_the_grid_square_5x5_4x4_mashed
          [minmay_the_grid_square_5x5_minimal,
          minmay_the_grid_square_5x5_almost_minimal,
          minmay_the_grid_square_5x5_inner_z, minmay_the_grid_square_5x5_v,
          minmay_the_grid_square_5x5_mess,
          minmay_the_grid_square_5x5_prize_deathbox,
          minmay_the_grid_square_5x5_prize_snowflake,
          minmay_the_grid_square_5x5_moneybag, minmay_the_grid_square_5x5_two,
          minmay_the_grid_square_5x5_prize_pseudospiral,
          minmay_the_grid_square_5x5_prize_itemx,
          minmay_the_grid_square_5x5_tri_point,
          minmay_the_grid_square_5x5_hourglass,
          minmay_the_grid_square_5x5_bridge, minmay_the_grid_square_5x5_tie,
          minmay_the_grid_square_5x5_seven], layout_basic, enter_ziggurat_f,
          pf_vacation_house_of_asmodeus, minmay_misc_feat_plants, abyss_entry,
          nicolae_ru_awakened_eye
Depths:2: nicolae_moon_pools, layout_gridlike, grunt_hell_entry_demonic_statue,
          serial_corexii_hall, chequers_hall_statues_y, rand_demon_pan_entry_4,
          minmay_misc_feat_five, xom_redecorated, uniq_mara
Depths:3: cheibrodos_spurs, layout_basic, lemuel_blue_sif_altar,
          hangedman_abyss_entry_splay, hell_entry
Depths:4: grunt_crosshair, layout_cave_shapes, fedhas_altar_3,
          gammafunk_ghost_smash, hell_entry, lemuel_old_faithful,
          minmay_shop_grove, uniq_vv, uniq_frederick
Zot:1:    layout_onion_interference
Zot:2:    gammafunk_sealed_arena, layout_onion
Zot:3:    kennysheep_spiral_hall, layout_misc_corridors, st_stairs_13
Zot:4:    layout_gridville, hangedman_zot_decor_scrapings, grunt_ministairs_5
Zot:5:    layout_basic, nicolae_shop_clearance

Skill      XL: |  1  2  3  4  5  6  7  8  9 10 11 12 13 14 15 16 17 18 19 20 21 22 23 24 25 26 |
---------------+-------------------------------------------------------------------------------+-----
Staves         | 4 |  4.1
Fighting       | 3 4 6 8 9 12 16 17 18 20 22 | 22.0
Throwing       | 3 4 5 8 10 14 15 16 17 18 21 22 | 22.0
Maces & Flails | 2 4 8 9 |  9.0
Invocations    | 3 4 10 13 14 | 14.0
Evocations     | 3 5 6 10 | 10.1
Armour         | 3 6 8 9 11 13 14 | 14.1
Shields        | 9 10 12 15 19 | 19.0
Axes           | 9 12 13 14 17 | 17.0
Dodging        | 6 8 10 11 13 14 | 14.1
Stealth        | 6 7 |  7.0

Action                     |  1- 3 |  4- 6 |  7- 9 | 10-12 | 13-15 | 16-18 | 19-21 | 22-24 | 25-27 || total
---------------------------+-------+-------+-------+-------+-------+-------+-------+-------+-------++-------
  Melee: Quarterstaff      |    99 |   136 |   211 |       |       |       |       |       |       ||   446
         Whip              |       |       |    35 |       |       |       |       |       |       ||    35
         Dire flail        |       |       |    13 |   644 |    15 |       |       |       |       ||   672
         Morningstar       |       |       |       |       |   793 |   545 |       |       |       ||  1338
         Punch             |       |       |       |       |    12 |       |       |       |       ||    12
         Broad axe         |       |       |       |       |       |   615 |  1248 |   879 |   259 ||  3001
  Throw: Dart              |     4 |     7 |    30 |   115 |    19 |     9 |     2 |       |       ||   186
         Large rock        |     3 |     5 |     2 |    13 |    22 |    99 |    53 |   614 |   444 ||  1255
         Throwing net      |       |       |     2 |     1 |     1 |     5 |       |     3 |       ||    12
         Boomerang         |       |       |       |       |   295 |   292 |       |       |       ||   587
         Javelin           |       |       |       |       |    10 |     7 |    15 |    24 |    13 ||    69
 Invoke: Heroism           |       |       |     1 |     6 |     7 |    14 |     8 |    11 |     4 ||    51
         Finesse           |       |       |       |     1 |     2 |     2 |     1 |     3 |       ||     9
         Duel              |       |       |       |       |       |     2 |     2 |     5 |       ||     9
  Evoke: Wand              |       |     5 |     1 |    10 |     6 |    25 |     7 |       |     4 ||    58
         Lightning rod     |       |       |       |     4 |     7 |     8 |     3 |       |       ||    22
         Condenser vane    |       |       |       |       |     3 |     3 |     1 |     3 |       ||    10
         Phial of floods   |       |       |       |       |     1 |     2 |     1 |       |       ||     4
         Tin of tremorston |       |       |       |       |       |       |     3 |       |     2 ||     5
    Use: Scroll            |     6 |     4 |     3 |     8 |    12 |    15 |     1 |    10 |    11 ||    70
         Potion            |       |       |       |       |     1 |     2 |     3 |    14 |     1 ||    21
   Stab: Paralysed         |       |       |     2 |       |       |    13 |       |       |       ||    15
         Confused          |       |       |     1 |       |     4 |     1 |       |       |       ||     6
         Sleeping          |       |       |       |     1 |       |       |     4 |     1 |       ||     6
         Distracted        |       |       |       |       |       |       |     2 |       |       ||     2
 Armour: Robe              |    50 |    91 |    58 |       |       |       |       |       |       ||   199
         Steam dragon scal |       |       |    39 |   284 |       |       |       |       |       ||   323
         Troll leather arm |       |       |       |    55 |   618 |   531 |    10 |       |       ||  1214
         Fire dragon scale |       |       |       |       |       |       |   108 |       |       ||   108
         Shadow dragon sca |       |       |       |       |       |       |   714 |   111 |       ||   825
         Acid dragon scale |       |       |       |       |       |       |    63 |       |       ||    63
         Gold dragon scale |       |       |       |       |       |       |       |   473 |   207 ||   680
  Dodge: Dodged            |    64 |   112 |   129 |   320 |   576 |   443 |   400 |   215 |   136 ||  2395
  Block: Kite shield       |       |       |       |       |   128 |   987 |   646 |   150 |       ||  1911
         Tower shield      |       |       |       |       |       |       |       |   779 |   581 ||  1360

Table legend: (Time is in decaauts)
 A = Elapsed time spent in this place.
 B = Non-inter-level travel time spent in this place.
 C = Inter-level travel time spent in this place.
 D = Time resting spent in this place.
 E = Time spent auto-exploring this place.
 F = Levels seen in this place.
 G = Mean time per level.
                   A        B        C        D        E       F      G
               +--------+--------+--------+--------+--------+-----+--------+
         Total |  53247 |  48224 |   5023 |   3657 |  30896 |  62 |  858.8 |
       Dungeon |  16469 |  14408 |   2061 |    403 |  10649 |  15 | 1097.9 |
        Temple |     44 |     26 |     18 |      0 |     10 |   1 |   44.0 |
          Lair |   5083 |   4268 |    815 |     53 |   3466 |   5 | 1016.6 |
        Shoals |   5387 |   4948 |    439 |    582 |   2814 |   4 | 1346.8 |
     Snake Pit |   4979 |   4786 |    193 |    288 |   3259 |   4 | 1244.8 |
    Slime Pits |     13 |     13 |      0 |      0 |      0 |   1 |   13.0 |
  Orcish Mines |   1243 |   1152 |     91 |     56 |    683 |   2 |  621.5 |
        Vaults |   8391 |   7859 |    532 |   1302 |   4169 |   5 | 1678.2 |
         Crypt |   1904 |   1793 |    111 |      0 |   1393 |   3 |  634.7 |
        Depths |   5379 |   4789 |    590 |    130 |   3149 |   4 | 1344.8 |
           Zot |   1805 |   1637 |    168 |    425 |    419 |   5 |  361.0 |
        Bailey |    500 |    500 |      0 |     78 |    168 |   1 |  500.0 |
      Ice Cave |    749 |    749 |      0 |    142 |    308 |   1 |  749.0 |
        Wizlab |    682 |    682 |      0 |     79 |    250 |   1 |  682.0 |
      Gauntlet |    382 |    382 |      0 |     28 |    159 |   1 |  382.0 |
         Arena |    231 |    231 |      0 |     87 |      0 |   9 |   25.7 |
               +--------+--------+--------+--------+--------+-----+--------+

Top non-repeatable levels by time:
Vaults:5: 1984 daAuts
 Snake:1: 1924 daAuts
Vaults:1: 1790 daAuts
Shoals:4: 1701 daAuts
Vaults:2: 1688 daAuts
Vaults:3: 1671 daAuts
Depths:1: 1567 daAuts
 Snake:4: 1505 daAuts
    D:12: 1501 daAuts
Depths:3: 1459 daAuts
    D:11: 1413 daAuts
Shoals:2: 1389 daAuts
Depths:2: 1329 daAuts
    D:13: 1315 daAuts
    D:10: 1306 daAuts
